 Dungeon Crawl Stone Soup version 0.23.2-33-g5129a83184 (webtiles) character file.

Game seed: 6062039054135920684

5372 psyvane the Impaler (level 10, 0/63 HPs)
             Began as a Merfolk Ice Elementalist on July 4, 2019.
             Was an Elder of Okawaru.
             Succumbed to a killer bee's poison
             ... on level 8 of the Dungeon.
             The game lasted 01:03:04 (11514 turns).

psyvane the Impaler (Merfolk Ice Elementalist)     Turns: 11514, Time: 01:03:06

Health: 0/63       AC:  8    Str:  8 (9)  XL:     10   Next: 66%
Magic:  11/17      EV: 13    Int: 14 (15) God:    Okawaru [****..]
Gold:   423        SH:  0    Dex: 19      Spells: 2/13 levels left

rFire    . . .     SeeInvis .   k - +3 halberd (venom)
rCold    + . .     Gourm    .   (shield currently unavailable)
rNeg     . . .     Faith    .   e - +1 leather armour
rPois    .         Spirit   .   b - +0 Maxwell's etheric cage {RegenMP+ *Contam rElec MP+4}
rElec    +         Reflect  .   s - scarf {repulsion}
rCorr    .         Harm     .   u - +2 pair of gloves
MR       .....                  (no boots)
Stlth    ++........             (no amulet)
HPRegen  0.20/turn              r - ring of protection from cold MPRegen 0.65/turn*
                                q - ring of flight

@: lethally poisoned (0 -> -5), repel missiles
A: change form in water, swift swim, stealthy swim, agile 1, deterioration 2,
subdued magic 1
a: Heroism, Renounce Religion, Evoke Flight


You were on level 8 of the Dungeon.
You worshipped Okawaru.
Okawaru was greatly pleased with you.
You were hungry.

You visited 1 branch of the dungeon, and saw 9 of its levels.
You also visited: Ossuary.

You collected 423 gold pieces.

Inventory:

Hand Weapons
 k - a +3 halberd of venom (weapon)
Armour
 b - the +0 Maxwell's etheric cage (worn) {RegenMP+ *Contam rElec MP+4}
   (You acquired it on level 7 of the Dungeon)

   It insulates you from electricity.
   It affects your magic capacity (+4).
   It causes magical contamination when unequipped.
 e - a +1 leather armour (worn)
 s - a scarf of repulsion (worn)
 u - a +2 pair of gloves (worn)
Jewellery
 m - a +3 amulet of reflection
 q - a ring of flight (right hand)
 r - a ring of protection from cold (left hand)
Wands
 a - a wand of flame (16)
 n - a wand of random effects (21)
 t - a wand of acid (5)
 y - a wand of iceblast (7)
Scrolls
 d - 2 scrolls of noise
 f - 5 scrolls of remove curse
 h - 2 scrolls of immolation
 j - 3 scrolls of identify
 v - a scroll of magic mapping
 w - a scroll of fog
Potions
 g - 4 potions of lignification
Comestibles
 c - 15 rations


   Skills:
 - Level 16.0 Polearms
 - Level 3.0 Dodging
 - Level 2.1 Stealth
 - Level 2.4 Spellcasting
   Level 0.7 Conjurations
 * Level 7.2 Charms
 * Level 6.0 Summonings
 - Level 4.2 Ice Magic
 - Level 0.1 Evocations


You had 2 spell levels left.
You knew the following spells:

 Your Spells              Type           Power        Failure   Level  Hunger
a - Freeze                Ice            ##..         4%          1    #......
b - Ozocubu's Armour      Chrm/Ice       ##......     8%          3    ###....
c - Summon Ice Beast      Ice/Summ       ##......     34%         4    #####..
d - Corona                Hex            #......      28%         1    #......
e - Ensorcelled Hibernat  Hex/Ice        #.....       19%         2    ###....

Your spell library contained the following spells:

 Spells                   Type           Power        Failure   Level  Hunger
 Throw Frost              Conj/Ice       #.....       16%         2    ###....
 Dazzling Spray           Conj/Hex       #.....       61%         3    ###....
 Confuse                  Hex            #.......     65%         3    ###....
 Tukima's Dance           Hex            #.......     65%         3    ###....
 Throw Icicle             Conj/Ice       #.......     73%         4    #####..


Dungeon Overview and Level Annotations

Branches:
Dungeon (9/15)             Temple (0/1) D:6
   Lair: D:8-11         Orc: D:9-12

Altars:
Cheibriados
Fedhas
Gozag
Hepliaklqana
Okawaru
Wu Jian
Zin

Annotations:
D:3 Natasha


Innate Abilities, Weirdness & Mutations

You revert to your normal form in water You are very nimble and swift while swimming.
You are very stealthy in the water. (Stealth+)
You are agile. (Dex +2)
Your body often deteriorates upon taking damage.
Your spells are a little easier to cast, but a little less powerful.


Message History

You hit the killer bee.
The killer bee looks as sick as possible!
The killer bee is almost dead.
You feel like a meek peon again.
You kill the killer bee!
Okawaru accepts your kill.
Your Summonings skill increases to level 6!
You are stuck in your current form!
Your magical effects are unravelling.
You feel magically purged.
Your magical contamination has completely faded away.
Your icy armour evaporates.
You feel less wooden.
Your scarf of repulsion unmelds from your body.
The +0 Maxwell's etheric cage {RegenMP+ *Contam rElec MP+4} unmelds from your body.
Your +2 pair of gloves unmelds from your body.
Your +1 leather armour unmelds from your body.
You are surrounded by a repulsion field.
You sense a greater flux of ambient magical fields.
Your resistance to elements expires.
You die...

############# #...........#
#####.#########.# #...#.#
#.# #.#.#.# #.#
################@#.#.# #.#
................>....# #.#
##.####.########...#####
#.# #.####.########.#.....#
#.#
#............##.#.###.#####
#.# #.'########p.##.#.#
#.....# #?##
#.#........#p##.#.# #####.#
#... #.#.'####+.#p...#.#
#.# ####
##.#.#....#.#.##.#.## #.#


There were no monsters in sight!

Vanquished Creatures
  Erica (D:8)
  Pikel (D:8)
  Prince Ribbit (D:5)
  3 hogs (D:7)
  A yak (D:7)
  A human (D:7)
  Eustachio (D:5)
  An orc warrior (D:6)
  2 ogres
  2 phantoms
  3 centaurs
  5 bullfrogs
  A scorpion (D:7)
  2 killer bees (D:8)
  A howler monkey (D:4)
  3 crimson imps (D:6)
  A bullfrog zombie (D:2)
  A centaur zombie (D:8)
  2 hounds
  3 bullfrog skeletons (D:4)
  7 orc priests
  3 jellies
  A centaur skeleton (D:6)
  Terence (D:3)
  Jessica (D:3)
  4 orc wizards
  Natasha (twice) (D:3)
  3 iguanas
  6 worker ants
  2 mummies (D:7)
  2 hound skeletons (D:6)
  A howler monkey skeleton (D:4)
  14 adders
  A shadow imp (D:5)
  3 oozes
  5 dart slugs
  6 worms
  6 leopard geckos
  23 orcs
  7 bats
  5 giant cockroaches
  10 goblins
  10 hobgoblins
  5 jackals
  2 quokkas
  3 ball pythons
  7 frilled lizards
  A jackal zombie (D:5)
  4 kobolds (D:1)
  A quokka skeleton (D:8)
  6 rats
188 creatures vanquished.

Vanquished Creatures (collateral kills)
  A two-headed ogre (D:9)
  A gargoyle (D:7)
  Blork the orc (D:5)
3 creatures vanquished.

Vanquished Creatures (others)
  An orc wizard (D:8)
  A leopard gecko (D:8)
  2 orcs (D:8)
4 creatures vanquished.

Grand Total: 195 creatures vanquished

Notes
Turn   | Place    | Note
-------+----------+-------------------------------------------
     0 | D:1      | psyvane the Merfolk Ice Elementalist began the quest for
                  | the Orb.
     0 | D:1      | Reached XP level 1. HP: 13/13 MP: 3/3
   324 | D:1      | Reached XP level 2. HP: 19/19 MP: 1/5
   832 | D:1      | Reached XP level 3. HP: 20/24 MP: 1/6
   992 | D:1      | You fall through a shaft!
  1083 | D:2      | Learned a level 3 spell: Ozocubu's Armour
  1129 | D:2      | Reached skill level 2 in Polearms
  1129 | D:2      | Reached skill level 1 in Charms
  1129 | D:2      | Reached XP level 4. HP: 19/30 MP: 3/7
  1640 | D:2      | Reached skill level 3 in Polearms
  1785 | D:2      | Reached XP level 5. HP: 35/35 MP: 6/8
  2036 | D:3      | Reached skill level 4 in Polearms
  2104 | D:3      | Found a blossoming altar of Fedhas.
  2147 | D:3      | Noticed Terence
  2302 | D:3      | Killed Terence
  2302 | D:3      | Reached skill level 5 in Polearms
  2468 | D:3      | Noticed Jessica
  2477 | D:3      | Killed Jessica
  2477 | D:3      | Reached XP level 6. HP: 39/41 MP: 9/9
  2522 | D:3      | Learned a level 4 spell: Summon Ice Beast
  2562 | D:3      | Reached skill level 6 in Polearms
  2757 | D:3      | Noticed Natasha
  2774 | D:3      | Killed Natasha
  2978 | D:3      | Noticed Natasha
  2987 | D:3      | Killed Natasha
  3086 | D:3      | Noticed Natasha
  3282 | D:4      | Reached skill level 7 in Polearms
  3797 | D:4      | Reached skill level 8 in Polearms
  3797 | D:4      | Reached XP level 7. HP: 34/46 MP: 10/10
  4155 | D:4      | Reached skill level 1 in Summonings
  4238 | D:4      | Reached skill level 9 in Polearms
  4283 | D:4      | You fall through a shaft!
  4283 | D:5      | Entered Level 5 of the Dungeon
  4299 | D:5      | Found a glowing silver altar of Zin.
  4321 | D:5      | Found a hazy altar of Hepliaklqana.
  4327 | D:5      | Noticed Eustachio
  4435 | D:4      | Reached skill level 10 in Polearms
  4765 | D:4      | Reached XP level 8. HP: 18/52 MP: 1/11
  4982 | D:4      | Found a snail-covered altar of Cheibriados.
  4982 | D:4      | Found an iron altar of Okawaru.
  4987 | D:4      | Became a worshipper of Warmaster Okawaru
  5190 | D:5      | Noticed Prince Ribbit
  5375 | D:5      | Reached skill level 11 in Polearms
  5717 | D:5      | Killed Eustachio
  6024 | D:5      | Reached * piety under Okawaru
  6024 | D:5      | Reached skill level 12 in Polearms
  6046 | D:5      | Noticed Blork the orc
  6083 | D:5      | Killed Blork the orc
  6410 | D:5      | Killed Prince Ribbit
  6659 | D:5      | Reached skill level 13 in Polearms
  6825 | D:6      | Reached XP level 9. HP: 57/57 MP: 8/12
  6854 | D:6      | Found a staircase to the Ecumenical Temple.
  6861 | D:6      | Learned a level 1 spell: Corona
  6865 | D:6      | Learned a level 2 spell: Ensorcelled Hibernation
  7173 | D:6      | Reached ** piety under Okawaru
  7281 | D:6      | Reached skill level 14 in Polearms
  7331 | D:6      | Found an ornate altar of the Wu Jian Council.
  7884 | D:6      | Found an opulent altar of Gozag.
  8545 | D:7      | Found a sand-covered staircase.
  8550 | Ossuary  | Entered an ossuary
  8560 | Ossuary  | Gained mutation: Your body sometimes deteriorates upon
                  | taking damage. [potion of mutation]
  8560 | Ossuary  | Gained mutation: Your body often deteriorates upon taking
                  | damage. [potion of mutation]
  8560 | Ossuary  | Gained mutation: You are agile. (Dex +2) [potion of
                  | mutation]
  8568 | D:7      | Reached skill level 15 in Polearms
  8826 | D:7      | Reached *** piety under Okawaru
  8826 | D:7      | Reached skill level 16 in Polearms
  9279 | D:7      | Reached XP level 10. HP: 63/63 MP: 9/13
  9673 | D:7      | Noticed a gargoyle
  9703 | D:7      | Noticed a gargoyle
  9736 | D:7      | Killed a gargoyle
 10075 | D:7      | Identified a scroll of acquirement
 10077 | D:7      | Found the +0 Maxwell's etheric cage {RegenMP+ *Contam rElec
                  | MP+4}
 10103 | D:7      | Gained mutation: Your spells are a little easier to cast,
                  | but a little less powerful. [mutagenic glow]
 10406 | D:8      | Reached skill level 5 in Charms
 10497 | D:8      | Noticed Erica
 10534 | D:8      | Killed Erica
 10534 | D:8      | Reached skill level 5 in Summonings
 10653 | D:8      | Noticed Pikel
 10663 | D:8      | Killed Pikel
 10663 | D:8      | Reached **** piety under Okawaru
 11289 | D:9      | Noticed a two-headed ogre
 11295 | D:9      | Killed a two-headed ogre
 11480 | D:9      | Noticed a skeletal warrior
 11481 | D:9      | Noticed a skeletal warrior
 11483 | D:9      | Noticed a skeletal warrior
 11511 | D:8      | HP: 4/94 [killer bee (2)]
 11512 | D:8      | HP: 1/94 [killer bee (3)]
 11514 | D:8      | Succumbed to a killer bee's poison

Skill      XL: |  1  2  3  4  5  6  7  8  9 10 |
---------------+-------------------------------+-----
Dodging        | 3 |  3.0
Ice Magic      | 4 |  4.2
Polearms       | 2 3 5 8 10 13 16 | 16.0
Charms         | 1 2 3 4 7 |  7.2
Summonings     | 1 2 3 6 |  6.0
Stealth        | |  2.1
Spellcasting   | |  2.4
Conjurations   | |  0.7
Evocations     | |  0.1

Action                   |  1- 3 |  4- 6 |  7- 9 | 10-12 || total
-------------------------+-------+-------+-------+-------++-------
Melee: Unarmed           |    90 |       |       |       ||    90
       Tailslap          |     1 |       |       |       ||     1
       Spear             |    10 |   217 |   227 |       ||   454
       Halberd           |       |       |   177 |    62 ||   239
 Cast: Freeze            |    39 |     3 |     8 |     3 ||    53
       Ozocubu's Armour  |       |     7 |    23 |     9 ||    39
       Summon Ice Beast  |       |       |     2 |     3 ||     5
       Corona            |       |       |     2 |       ||     2
Invok: Heroism           |       |       |       |     3 ||     3
 Abil: Evoke Flight      |       |       |     1 |       ||     1
Evoke: Wand              |       |       |     8 |     3 ||    11
  Use: Scroll            |     1 |     6 |     6 |    12 ||    25
       Potion            |     1 |     2 |    11 |     5 ||    19
 Stab: Sleeping          |       |     9 |    10 |     2 ||    21
       Distracted        |       |       |     1 |     1 ||     2
  Eat: Chunk             |     1 |    10 |    15 |     3 ||    29
       Ration            |       |       |     2 |     2 ||     4
Armor: Robe              |     2 |       |       |       ||     2
       Leather armour    |    47 |    42 |    90 |    26 ||   205
       Skin              |    10 |       |       |    15 ||    25
Dodge: Dodged            |   115 |    81 |   137 |    39 ||   372
       Deflected         |       |       |     2 |       ||     2
